%YAML 1.1
%TAG !u! tag:unity3d.com,2011:
--- !u!1001 &1938226068639714567
PrefabInstance:
  m_ObjectHideFlags: 0
  serializedVersion: 2
  m_Modification:
    m_TransformParent: {fileID: 0}
    m_Modifications:
    - target: {fileID: -8679921383154817045, guid: 40bfa87274c8ec4418b89203d86ce96b, type: 3}
      propertyPath: m_RootOrder
      value: 0
      objectReference: {fileID: 0}
    - target: {fileID: -8679921383154817045, guid: 40bfa87274c8ec4418b89203d86ce96b, type: 3}
      propertyPath: m_LocalPosition.x
      value: 1254.0209
      objectReference: {fileID: 0}
    - target: {fileID: -8679921383154817045, guid: 40bfa87274c8ec4418b89203d86ce96b, type: 3}
      propertyPath: m_LocalPosition.y
      value: 3.6563492
      objectReference: {fileID: 0}
    - target: {fileID: -8679921383154817045, guid: 40bfa87274c8ec4418b89203d86ce96b, type: 3}
      propertyPath: m_LocalPosition.z
      value: 765.0365
      objectReference: {fileID: 0}
    - target: {fileID: -8679921383154817045, guid: 40bfa87274c8ec4418b89203d86ce96b, type: 3}
      propertyPath: m_LocalRotation.w
      value: 1
      objectReference: {fileID: 0}
    - target: {fileID: -8679921383154817045, guid: 40bfa87274c8ec4418b89203d86ce96b, type: 3}
      propertyPath: m_LocalRotation.x
      value: 0
      objectReference: {fileID: 0}
    - target: {fileID: -8679921383154817045, guid: 40bfa87274c8ec4418b89203d86ce96b, type: 3}
      propertyPath: m_LocalRotation.y
      value: 0
      objectReference: {fileID: 0}
    - target: {fileID: -8679921383154817045, guid: 40bfa87274c8ec4418b89203d86ce96b, type: 3}
      propertyPath: m_LocalRotation.z
      value: 0
      objectReference: {fileID: 0}
    - target: {fileID: -8679921383154817045, guid: 40bfa87274c8ec4418b89203d86ce96b, type: 3}
      propertyPath: m_LocalEulerAnglesHint.x
      value: 0
      objectReference: {fileID: 0}
    - target: {fileID: -8679921383154817045, guid: 40bfa87274c8ec4418b89203d86ce96b, type: 3}
      propertyPath: m_LocalEulerAnglesHint.y
      value: 0
      objectReference: {fileID: 0}
    - target: {fileID: -8679921383154817045, guid: 40bfa87274c8ec4418b89203d86ce96b, type: 3}
      propertyPath: m_LocalEulerAnglesHint.z
      value: 0
      objectReference: {fileID: 0}
    - target: {fileID: -7662747780285870179, guid: 40bfa87274c8ec4418b89203d86ce96b, type: 3}
      propertyPath: m_LocalPosition.x
      value: 0
      objectReference: {fileID: 0}
    - target: {fileID: -3604694444354728051, guid: 40bfa87274c8ec4418b89203d86ce96b, type: 3}
      propertyPath: m_LocalPosition.x
      value: 0
      objectReference: {fileID: 0}
    - target: {fileID: 919132149155446097, guid: 40bfa87274c8ec4418b89203d86ce96b, type: 3}
      propertyPath: m_Name
      value: ManaphyPrefab
      objectReference: {fileID: 0}
    m_RemovedComponents: []
  m_SourcePrefab: {fileID: 100100000, guid: 40bfa87274c8ec4418b89203d86ce96b, type: 3}
--- !u!1 &627654873633065937 stripped
GameObject:
  m_CorrespondingSourceObject: {fileID: -7903792473277921578, guid: 40bfa87274c8ec4418b89203d86ce96b, type: 3}
  m_PrefabInstance: {fileID: 1938226068639714567}
  m_PrefabAsset: {fileID: 0}
--- !u!136 &589440573
CapsuleCollider:
  m_ObjectHideFlags: 0
  m_CorrespondingSourceObject: {fileID: 0}
  m_PrefabInstance: {fileID: 0}
  m_PrefabAsset: {fileID: 0}
  m_GameObject: {fileID: 627654873633065937}
  m_Material: {fileID: 0}
  m_IsTrigger: 0
  m_Enabled: 1
  m_Radius: 0.04178951
  m_Height: 0.31779978
  m_Direction: 2
  m_Center: {x: 0.0011586489, y: -0.0022493487, z: 0.092955604}
--- !u!114 &6624938353762644698
MonoBehaviour:
  m_ObjectHideFlags: 0
  m_CorrespondingSourceObject: {fileID: 0}
  m_PrefabInstance: {fileID: 0}
  m_PrefabAsset: {fileID: 0}
  m_GameObject: {fileID: 627654873633065937}
  m_Enabled: 1
  m_EditorHideFlags: 0
  m_Script: {fileID: 11500000, guid: b149cfff15b935040b39e9bdfd9b44bf, type: 3}
  m_Name: 
  m_EditorClassIdentifier: 
  _manaphy: {fileID: 214166025}
--- !u!1 &1595575570159186006 stripped
GameObject:
  m_CorrespondingSourceObject: {fileID: 919132149155446097, guid: 40bfa87274c8ec4418b89203d86ce96b, type: 3}
  m_PrefabInstance: {fileID: 1938226068639714567}
  m_PrefabAsset: {fileID: 0}
--- !u!135 &214166028
SphereCollider:
  m_ObjectHideFlags: 0
  m_CorrespondingSourceObject: {fileID: 0}
  m_PrefabInstance: {fileID: 0}
  m_PrefabAsset: {fileID: 0}
  m_GameObject: {fileID: 1595575570159186006}
  m_Material: {fileID: 0}
  m_IsTrigger: 1
  m_Enabled: 1
  serializedVersion: 2
  m_Radius: 7.358612
  m_Center: {x: 0, y: 1.6038618, z: 8.038055}
--- !u!95 &214166030
Animator:
  serializedVersion: 5
  m_ObjectHideFlags: 0
  m_CorrespondingSourceObject: {fileID: 0}
  m_PrefabInstance: {fileID: 0}
  m_PrefabAsset: {fileID: 0}
  m_GameObject: {fileID: 1595575570159186006}
  m_Enabled: 1
  m_Avatar: {fileID: 0}
  m_Controller: {fileID: 9100000, guid: 02f0a3b597e7e4f42a8bbe222137abfc, type: 2}
  m_CullingMode: 0
  m_UpdateMode: 0
  m_ApplyRootMotion: 0
  m_LinearVelocityBlending: 0
  m_StabilizeFeet: 0
  m_WarningMessage: 
  m_HasTransformHierarchy: 1
  m_AllowConstantClipSamplingOptimization: 1
  m_KeepAnimatorStateOnDisable: 0
--- !u!114 &214166025
MonoBehaviour:
  m_ObjectHideFlags: 0
  m_CorrespondingSourceObject: {fileID: 0}
  m_PrefabInstance: {fileID: 0}
  m_PrefabAsset: {fileID: 0}
  m_GameObject: {fileID: 1595575570159186006}
  m_Enabled: 1
  m_EditorHideFlags: 0
  m_Script: {fileID: 11500000, guid: 3e99475a0ede71249b3ed99c5c90d828, type: 3}
  m_Name: 
  m_EditorClassIdentifier: 
  _navMeshAgent: {fileID: 214166026}
  _positionsToMoveTo:
  - {x: 1241.7, y: 4.7, z: 766.8}
  - {x: 1251.3, y: 4.1, z: 779.2}
  - {x: 1254.0209, y: 3.6563492, z: 765.0365}
  _animator: {fileID: 214166030}
--- !u!195 &214166026
NavMeshAgent:
  m_ObjectHideFlags: 0
  m_CorrespondingSourceObject: {fileID: 0}
  m_PrefabInstance: {fileID: 0}
  m_PrefabAsset: {fileID: 0}
  m_GameObject: {fileID: 1595575570159186006}
  m_Enabled: 1
  m_AgentTypeID: 0
  m_Radius: 1.62
  m_Speed: 3.5
  m_Acceleration: 8
  avoidancePriority: 50
  m_AngularSpeed: 120
  m_StoppingDistance: 0
  m_AutoTraverseOffMeshLink: 1
  m_AutoBraking: 1
  m_AutoRepath: 1
  m_Height: 2.35
  m_BaseOffset: 0
  m_WalkableMask: 4294967295
  m_ObstacleAvoidanceType: 4
